 Dungeon Crawl Stone Soup version 0.31-a0-981-geadf994542 (webtiles) character file.

Game seed: 14091315751736251977

91 Whiskey the Changeling (level 4, 0/30 HPs)
             Began as an Octopode Shapeshifter on Nov 2, 2023.
             Succumbed to Crazy Yiuf's poison
             ... on level 2 of the Dungeon.
             The game lasted 00:02:24 (1543 turns).

Whiskey the Changeling (Octopode Shapeshifter)      Turns: 1543, Time: 00:02:25

Health: 0/30       AC:  1    Str: 15    XL:     4   Next: 59%
Magic:  1/4        EV: 13    Int: 12    God:
Gold:   171        SH:  0    Dex: 11    Spells: 3/3 levels left

rFire   . .          .
                       - Unarmed
rCold   . . .        (no shield)
rNeg    . . .        (helmet currently unavailable)
rPois   .            (no amulet)
rElec   .            (no ring)
rCorr   .            (no ring)
SInv    .            (no ring)
Will    .....        (no ring)
Stlth   ++           (no ring)
HPRegen 0.25/turn    (no ring)
MPRegen 0.09/turn    (no ring)
                     (no ring)

%: no passive effects
@: lethally poisoned (0 -> -7), beast-form
A: beast (slay +2), almost no armour, amphibious, 8 rings, camouflage 1,
gelatinous body 1, (nimble swimmer 1), tentacles
a: Begin Untransformation


You were on level 2 of the Dungeon.
You were a hulking beast.
You visited 1 branch of the dungeon, and saw 2 of its levels.

You collected 171 gold pieces.

Inventory:

Talismans
 b - a beast talisman
 c - a flux talisman
Scrolls
 d - 2 scrolls of teleportation {unknown}
 e - a scroll of enchant armour {unknown}
 g - a scroll of identify {unknown}
 h - a scroll of immolation {unknown}
 i - a scroll of revelation {unknown}
Potions
 f - 2 potions of resistance {unknown}


   Skills:
 + Level 2.5 Fighting
 - Level 2.0 Dodging
 - Level 3.0 Unarmed Combat
 * Level 4.3 Shapeshifting


You had 3 spell levels left.
You didn't know any spells.
Your spell library contained the following spells:

 Spells                   Type           Power      Damage    Failure   Level
 Summon Small Mammal      Summ           0%         N/A       32%         1
 Call Canine Familiar     Summ           0%         N/A       69%         3
 Summon Guardian Golem    Hex/Summ       0%         N/A       69%         3
 Tukima's Dance           Hex            0%         N/A       69%         3
 Dimensional Bullseye     Hex/Tloc       0%         N/A       97%         4
 Iskenderun's Mystic Bla  Conj/Tloc      0%         2d3       97%         4


Dungeon Overview and Level Annotations

Branches:
Dungeon (2/15)

Altars:


Innate Abilities, Weirdness & Mutations

You are a hulking beast.
Your limbs bulge with bestial killing power. (Slay +2)
You cannot wear most types of armour.
You are amphibious.
You can wear up to eight rings at the same time.
Your skin changes colour to match your surroundings (Stealth+).
Your rubbery body absorbs attacks. (AC +1, EV +1)
((You are camouflaged when in or above water. (Stealth+)))
You have tentacles for arms and can constrict up to eight enemies at once.


Message History

You now have 171 gold pieces (gained 2).
An endoplasm comes into view.
Health restored: 24 The endoplasm quivers.
You barely miss the endoplasm. You squeeze the endoplasm.
You kill the endoplasm!
No target in view!
No target in view!
No target in view!
No target in view!
No target in view!
No target in view!
No target in view!
No target in view!
No target in view!
No target in view!
No target in view!
No target in view!
No target in view!
d - 2 scrolls labelled DATI RUYDIDENI (gained 1)
You see here a +0 whip.
An adder comes into view.
You closely miss the adder. You grab the adder. You constrict the adder.
The adder barely misses you.
You tentacle-slap the adder. You squeeze the adder. You constrict the adder.
The adder misses you.
You barely miss the adder. You constrict the adder.
The adder closely misses you.
You tentacle-slap the adder.
You kill the adder!
You have reached level 4!
Health restored: 29; MP restored: 4 You see here an adder corpse.
An endoplasm comes into view.
The endoplasm quivers.
Found a stone staircase leading down.
The endoplasm freezes you.
You are frozen.
You take 4 damage, and have 25/29 hp.
You tentacle-slap the endoplasm.
You kill the endoplasm!
No target in view!
No target in view!
No target in view!
No target in view!
No target in view!
No target in view!
No target in view!
No target in view!
No target in view!
No target in view!
As you open the door, it creaks loudly!
Health restored: 29
There is an open door here.
You open the door.
There is an open door here.
You see here a ball python skeleton.
Partly explored, can't reach some places.
Partly explored, can't reach some places.
You see here a ball python skeleton.
There is an open door here.
You tentacle-slap the fungus.
The fungus begins to die.
You grab the fungus. You squeeze the fungus. You constrict the fungus.
You tentacle-slap the fungus. You constrict the fungus.
You tentacle-slap the fungus. You constrict the fungus.
You bludgeon the fungus! You squeeze the fungus. You constrict the fungus.
A nearby fungus withers and dies.
You lose your grip on the fungus.
Found a hammer.
Found a runed translucent door.
Crazy Yiuf whimpers, "Hah infinity aubergine!"
You open the door. You completely miss Crazy Yiuf. You grab Crazy Yiuf.
You squeeze Crazy Yiuf! You constrict Crazy Yiuf.
Crazy Yiuf hits you with a +2 quarterstaff of chaos.
Crazy Yiuf draws strength from your wounds!
You take 5 damage, and have 24/29 hp.
You tentacle-slap Crazy Yiuf. You constrict Crazy Yiuf.
Crazy Yiuf hits you with a +2 quarterstaff of chaos!
You feel your power leaking away.
You take 10 damage, and have 14/29 hp.
MASSIVE DAMAGE!!
You now have 1/4 mp.
You tentacle-slap Crazy Yiuf. You constrict Crazy Yiuf.
Crazy Yiuf hits you with a +2 quarterstaff of chaos!
* * * LOW HITPOINT WARNING * * *
You are lethally poisoned!
You take 9 damage, and have 5/29 hp.
MASSIVE DAMAGE!!
You tentacle-slap Crazy Yiuf. You squeeze Crazy Yiuf.
You kill Crazy Yiuf!
* * * LOW HITPOINT WARNING * * *
You feel very sick.
You take 2 damage, and have 3/30 hp.
Your transformation has ended.
You turn into a tree.
Your roots penetrate the ground.
* * * LOW HITPOINT WARNING * * *
You feel sick.
You now have 2/45 hp.
It was a potion of cancellation.
Your magical effects are unravelling.
You feel magically purged.
You feel less wooden.
You turn into a hulking beast.
You die...

....# #.............#
##..######.############
##......<..#
###.######## ##### #
#.# #..)# ###.# #...#
....# ... ##### #)#
♣♣h♣ ####### ## ♣.♣♣
#.....# .# ♣♣.♣ #####.#
.##### ♣.♣♣ #.# .....#
♣♣.♣♣ #####.# .#.#.#
♣.PP♣ #...#.#
.#^#.##### ♣.PP♣♣
###.#.# #........###
#....# #.....# ##
#..#.......###....#
###.### #.


There were no monsters in sight!

Vanquished Creatures
  Crazy Yiuf (D:2)
  3 adders (D:2)
  5 endoplasms
  3 giant cockroaches
  2 goblins (D:1)
  6 hobgoblins
  5 ball pythons
  3 bats (D:1)
  A frilled lizard (D:1)
  3 kobolds
  3 rats (D:1)
35 creatures vanquished.

Notes
Turn   | Place    | Note
-------+----------+-------------------------------------------
     0 | D:1      | Whiskey the Octopode Shapeshifter began the quest for the
                  | Orb.
     0 | D:1      | Reached XP level 1. HP: 13/13 MP: 1/1
    32 | D:1      | Reached XP level 2. HP: 16/18 MP: 2/2
   524 | D:1      | Reached XP level 3. HP: 23/24 MP: 3/3
  1029 | D:2      | Reached skill level 2 in Fighting
  1082 | D:2      | Reached skill level 4 in Shapeshifting
  1250 | D:2      | Reached XP level 4. HP: 29/29 MP: 4/4
  1533 | D:2      | Found a runed translucent door.
  1534 | D:2      | Noticed Crazy Yiuf
  1540 | D:2      | HP: 5/29 [Crazy Yiuf/+2 quarterstaff of chaos (9)]
  1541 | D:2      | Killed Crazy Yiuf
  1541 | D:2      | HP: 2/29 [poisoned by Crazy Yiuf]
  1543 | D:2      | Succumbed to Crazy Yiuf's poison

Illustrated notes

Levels and vault maps discovered:
D:1:      ldierk_walled_garden_2, layout_rooms
D:2:      layout_loops_corners, uniq_crazy_yiuf_cottage

Skill      XL: |  1  2  3 |
---------------+----------+-----
Fighting       | 2 |  2.5
Shapeshifting  | 4 |  4.3
Dodging        | |  2.0
Unarmed Combat | |  3.0

Action                     |  1- 3 |  4- 6 || total
---------------------------+-------+-------++-------
  Melee: Unarmed           |    63 |     9 ||    72
         Constrict         |    16 |     2 ||    18
         Tentacles         |    15 |     4 ||    19
         Punch             |     1 |       ||     1
    Use: Potion            |       |     2 ||     2
   Stab: Sleeping          |     6 |       ||     6
 Armour: Skin              |    16 |     3 ||    19
  Dodge: Dodged            |    34 |       ||    34

Table legend: (Time is in decaauts)
 A = Elapsed time spent in this place.
 B = Non-inter-level travel time spent in this place.
 C = Inter-level travel time spent in this place.
 D = Time resting spent in this place.
 E = Time spent auto-exploring this place.
 F = Levels seen in this place.
 G = Mean time per level.
                   A        B        C        D        E       F      G
               +--------+--------+--------+--------+--------+-----+--------+
         Total |   1538 |   1416 |    122 |      0 |   1215 |   2 |  769.0 |
       Dungeon |   1538 |   1416 |    122 |      0 |   1215 |   2 |  769.0 |
               +--------+--------+--------+--------+--------+-----+--------+

Top non-repeatable levels by time:
     D:2: 956 daAuts
     D:1: 581 daAuts

Levels and vault maps discovered:
D:1:      ldierk_walled_garden_2, layout_rooms
D:2:      layout_loops_corners, uniq_crazy_yiuf_cottage

Table legend: (Time is in decaauts)
 A = Elapsed time spent in this place.
 B = Non-inter-level travel time spent in this place.
 C = Inter-level travel time spent in this place.
 D = Time resting spent in this place.
 E = Time spent auto-exploring this place.
 F = Levels seen in this place.
 G = Mean time per level.
                   A        B        C        D        E       F      G
               +--------+--------+--------+--------+--------+-----+--------+
         Total |   1538 |   1416 |    122 |      0 |   1215 |   2 |  769.0 |
       Dungeon |   1538 |   1416 |    122 |      0 |   1215 |   2 |  769.0 |
               +--------+--------+--------+--------+--------+-----+--------+

Top non-repeatable levels by time:
     D:2: 956 daAuts
     D:1: 581 daAuts

Table legend:
 A = Kills in this place as a percentage of kills in the entire game.
 B = Kills by you in this place as a percentage of kills by you in the entire game.
 C = Kills by friends in this place as a percentage of kills by friends in the entire game.
 D = Other kills in this place as a percentage of other kills in the entire game.
 E = Experience gained in this place as a percentage of experience gained in the entire game.
 F = Experience gained in this place divided by the number of levels of this place that you have seen.
                   A       B       C       D       E      F
               +-------+-------+-------+-------+-------+----------------------
         Total | 100.0 | 100.0 |   N/A |   N/A | 100.0 |  65.5
       Dungeon | 100.0 | 100.0 |   N/A |   N/A | 100.0 |  65.5
               +-------+-------+-------+-------+-------+----------------------
